Map: Frost LE

Players

TRUE - Winner!

  • Race: Zerg Zerg

Welmu

  • Race: Protoss Protoss

Event: 2016 WCS Summer Circuit Championship (DH Montreal)

VOD

Have the link to the VOD?

Description

Time

  • Played on: Aug. 13, 2016, 6:35 p.m.
  • Length: 4:31

All games in this series

Show
View Real Time Build Order
Export as new Build Order

TRUE Zerg - Winner!

Build Orders: Hatch First 

Get SALT Encoding   

  12  0:00  Drone  
  13  0:07  Drone  
  14  0:35  Hatchery  
  13  0:38  Drone  
  14  0:44  Overlord  
  14  0:51  Extractor, Drone  
  15  1:03  Drone x2  
  17  1:06  Extractor  
  16  1:15  Spawning Pool  
  15  1:20  Drone  
  15  1:22  Drone  
  17  1:33  Drone  
  18  1:43  Drone  
  19  1:47  Drone  
  20  1:59  Hatchery  
  19  2:06  Metabolic Boost  
  19  2:08  Drone  
  20  2:18  Queen  
  22  2:23  Zergling x4  
  22  2:29  Overlord  
  24  2:36  Queen  
  26  2:40  Zergling x2  
  27  2:46  Zergling x2  
  27  2:49  Zergling x4  
  27  2:50  Zergling x2  
  29  2:58  Extractor  
  29  3:01  Zergling x2  
  29  3:02  Zergling x4  
  29  3:04  Zergling x2  
  31  3:15  Zergling x2  
  31  3:18  Zergling x2  
  33  3:23  Zergling x2  
  33  3:26  Zergling x2  
  35  3:32  Drone x2  
  37  3:41  Drone x3  
  38  3:56  Zergling x6  
  39  4:03  Zergling x2  
  39  4:07  Zergling x2  
  39  4:13  Zergling x2  
Show
View Real Time Build Order
Export as new Build Order

Welmu Protoss 

Build Orders:  

Get SALT Encoding   

  12  0:00  Probe (Chrono Boost)  
  13  0:11  Probe (Chrono Boost)  
  14  0:17  Pylon  
  14  0:22  Probe (Chrono Boost)  
  16  0:35  Probe (Chrono Boost)  
  16  0:38  Gateway  
  16  0:46  Probe (Chrono Boost)  
  16  0:48  Assimilator  
  17  0:56  Probe (Chrono Boost)  
  18  1:03  Gateway  
  18  1:07  Probe (Chrono Boost)  
  19  1:17  Probe (Chrono Boost)  
  20  1:26  Cybernetics Core  
  20  1:29  Pylon  
  20  1:50  Nexus  
  20  2:00  Adept  
  20  2:01  Adept  
  20  2:07  Probe (Chrono Boost)  
  25  2:19  Assimilator  
  26  2:23  Probe (Chrono Boost)  
  26  2:26  Adept  
  26  2:27  Adept  
  30  2:36  Pylon  
  30  2:42  Probe (Chrono Boost)  
  31  2:56  Probe (Chrono Boost)  
  32  3:06  Probe (Chrono Boost)  
  32  3:07  Probe (Chrono Boost)  
  32  3:10  Twilight Council  
  34  3:17  Probe x2 (Chrono Boost)  
  36  3:27  Probe (Chrono Boost)  
  36  3:28  Probe (Chrono Boost)  
  38  3:38  Mothership Core (Chrono Boost)  
  38  3:41  Probe (Chrono Boost)  
  40  3:51  Probe (Chrono Boost)  
  34  3:56  Probe (Chrono Boost)  
  34  4:02  Probe (Chrono Boost)  
  35  4:07  Probe (Chrono Boost)  
  31  4:13  Gateway  
  31  4:14  Gateway  
Tags
 
Add a new tag
Caveats
  • Supply blocks, unpowered buildings, or Contaminate may cause inaccurate times.
  • Supply counts are checked every 10 seconds.